AoeStats
← tobinho_125

African Clearing

505960856Analyzed
3v3 RM · 20d ago on Sep 11, 2026· 73m 48s· 6 players
Game mode
Random Map
Map size
Normal (6 player)
Population
200
Speed
Normal
Resources
Standard
Victory
Conquest
Starting age
Dark Age
Ending age
Imperial Age
RankedLock teamsTeams togetherTeam positionsShared explorationLock speedFull tech treeHidden civsTurbo modeCheats
Victory
Defeat
🇩🇪 Franks · Germany
955
+14
🇩🇪 Romans · Germany
941
+15
🇩🇪 Celts · Germany
914
+16
🇧🇷 Britons · Brazil
958
-17
🇩🇪 Cumans · Germany
900
-14
🇩🇪 Bulgarians · Germany
889
-14
BOM DE MIRA
7:58 Loom
14:38 Feudal Age
15:15 Double-Bit Axe
15:13 Horse Collar
17:34 Padded Archer Armor
17:26 Fletching
18:01 Gold Mining
19:33 Wheelbarrow
21:38 Horse Collar
28:27 Castle Age
26:23 Stone Mining
29:46 Hand Cart
30:26 Bow Saw
30:17 Heavy Plow
31:06 Town Watch
40:52 Imperial Age
39:22 Leather Archer Armor
39:03 Bodkin Arrow
39:54 Pikeman
43:58 Halberdier
44:40 Squires
44:26 Arson
44:46 Scale Mail Armor
44:57 Forging
47:05 Ballistics
46:43 Murder Holes
48:43 Bracer
48:55 Forging
52:26 Yeomen
52:27 Conscription
56:27 Ring Archer Armor
56:14 Chain Mail Armor
56:34 Iron Casting
63:09 Chemistry
63:46 Elite Longbowman
tobinho_125
6:42 Loom
15:16 Feudal Age
16:48 Double-Bit Axe
16:50 Horse Collar
29:45 Wheelbarrow
32:15 Padded Archer Armor
32:26 Forging
34:44 Castle Age
33:36 Stone Mining
33:39 Fletching
33:50 Scale Mail Armor
38:38 Leather Archer Armor
39:33 Gold Mining
41:38 Bodkin Arrow
41:10 Capped Ram
42:50 Hand Cart
42:20 Town Watch
55:49 Heavy Plow
57:07 Bow Saw
57:23 Scale Barding Armor
Cramgee
9:25 Loom
14:49 Feudal Age
16:15 Arson
16:33 Double-Bit Axe
16:34 Horse Collar
19:54 Scale Mail Armor
23:25 Castle Age
28:00 Forging
28:06 Chain Mail Armor
27:40 Gambesons
32:41 Iron Casting
35:12 Stirrups
35:27 Scale Barding Armor
36:22 Husbandry
36:35 Bloodlines
37:03 Pikeman
38:23 Chain Barding Armor
39:25 Squires
41:35 Bow Saw
47:34 Imperial Age
45:43 Wheelbarrow
45:49 Wheelbarrow
45:01 Town Watch
53:15 Hand Cart
52:35 Onager
54:33 Chemistry
53:54 Ballistics
53:25 Heated Shot
53:41 Siege Engineers
54:31 Heavy Plow
54:34 Halberdier
59:05 Crop Rotation
58:26 Siege Onager
70:12 Fletching
70:24 Padded Archer Armor
Lord_xy2
6:33 Loom
12:45 Feudal Age
15:02 Wheelbarrow
15:46 Double-Bit Axe
20:59 Castle Age
22:13 Bow Saw
23:05 Ballistics
24:27 Man-at-Arms
49:00 Imperial Age
50:47 Chemistry
49:44 Capped Ram
50:11 Heavy Scorpion
53:11 Horse Collar
Admiral G
8:48 Loom
15:47 Feudal Age
17:07 Wheelbarrow
16:21 Double-Bit Axe
21:27 Gold Mining
26:35 Castle Age
27:23 Husbandry
28:00 Hand Cart
27:59 Bow Saw
28:46 Town Watch
30:40 Pikeman
33:55 Forging
34:18 Scale Barding Armor
34:51 Gold Shaft Mining
34:07 Stone Mining
35:28 Iron Casting
42:28 Chain Barding Armor
44:31 Fletching
51:41 Ballistics
51:33 Masonry
57:24 Imperial Age
57:02 Bodkin Arrow
57:09 Scale Mail Armor
57:09 Padded Archer Armor
61:18 Blast Furnace
60:54 Plate Barding Armor
60:35 Chain Mail Armor
60:35 Leather Archer Armor
60:23 Town Patrol
61:30 Chemistry
60:26 Murder Holes
61:02 Architecture
60:38 Siege Engineers
60:59 Conscription
61:15 Hoardings
61:04 #83
60:05 Elite Throwing Axeman
60:47 Chivalry
60:49 Cavalier
60:59 Cavalier
62:19 Paladin
noHotkeys
3:10 Loom
15:00 Feudal Age
15:39 Town Watch
15:43 Double-Bit Axe
15:41 Horse Collar
17:02 Stone Mining
22:18 Castle Age
21:09 Fletching
25:00 Bodkin Arrow
25:32 Bow Saw
40:49 Imperial Age
39:49 Scale Mail Armor
40:02 Forging
40:37 Stone Shaft Mining
41:47 Chain Mail Armor
42:29 Iron Casting
41:47 Treadmill Crane
43:15 Conscription
43:33 Plate Mail Armor
55:38 Siege Engineers
57:55 Blast Furnace
66:35 Elite Woad Raider
68:13 Capped Ram
71:17 Gold Mining
71:37 Heavy Plow
Connection lost

Rejoining the realm…

Still unreachable

The connection could not be restored.

Session expired

The server has moved on; the page needs a fresh start.